AoeStats
← TheBrian

Nomad

510451114Analyzed
2v2 RM · 23h ago on Oct 1, 2026· 31m 5s· 4 players
Game mode
Random Map
Map size
176×176
Population
200
Speed
Normal
Resources
Standard
Victory
Conquest
Starting age
Dark Age
Ending age
Imperial Age
RankedLock teamsTeams togetherTeam positionsShared explorationLock speedFull tech treeHidden civsTurbo modeCheats
Victory
Defeat
🇸🇪 Khmer · Sweden
1506
+11
🇨🇳 Dravidians · China
1279
+21
🇦🇷 Dravidians · Argentina
1419
-17
🇵🇦 Vikings · Panama
1360
-15
TheBrian
3:20 Loom
15:01 Feudal Age
19:56 Castle Age
19:32 Gold Mining
21:30 Gold Shaft Mining
30:11 Double-Bit Axe
Piojoso87
7:23 Loom
13:53 Feudal Age
18:21 Castle Age
19:02 Double-Bit Axe
19:26 Fletching
22:14 Bodkin Arrow
25:13 Horse Collar
26:40 Stone Mining
31:05 Bow Saw
TheSonder
8:18 Loom
11:27 Feudal Age
15:01 Castle Age
14:33 Double-Bit Axe
19:12 Bow Saw
19:49 Wheelbarrow
22:37 Horse Collar
23:18 Heavy Plow
24:47 Sanctity
24:49 Gold Mining
29:18 Imperial Age
27:52 Stone Mining
1979Old-Wang
2:48 Loom
12:50 Feudal Age
17:16 Castle Age
15:52 Stone Mining
16:12 Double-Bit Axe
20:32 Fletching
22:30 Gold Mining
25:03 Fishing Lines
26:44 Bow Saw
28:14 Wheelbarrow
28:30 Gillnets
32:49 Imperial Age
31:17 Bodkin Arrow
Connection lost

Rejoining the realm…

Still unreachable

The connection could not be restored.

Session expired

The server has moved on; the page needs a fresh start.